[Event "94th Paris-ch  2019"]
[Site "Paris"]
[Date "2019.07.09"]
[Round "4.9"]
[White "Akshat, Khamparia"]
[Black "Tomasi, Albert"]
[Result "1/2-1/2"]
[ECO "A34"]
[WhiteElo "2398"]
[BlackElo "2300"]
[Annotator "NA"]
[PlyCount "86"]
[EventDate "2019.07.07"]
[EventType "swiss"]
[EventCountry "FRA"]
[SourceTitle "playchess.com"]
[Source "ChessBase"]
[SourceQuality "1"]
[TimeControl "5400+30"]

1. d4 Nf6 2. c4 g6 3. Nc3 d5 4. Nf3 Bg7 5. cxd5 Nxd5 6. Bg5 Nxc3 7. bxc3 c5 8. e3 Qa5 9. Qd2 Nc6 10. Be2 O-O 11. O-O Rd8 12. Qb2 Rb8 13. Bf4 cxd4 14. cxd4 e5 15. dxe5 Bg4 16. Rad1 Bxf3 17. gxf3 Nxe5 18. Qb3 Rd2 19. Rxd2 Qxd2 20. Bxe5 Bxe5 21. Bc4 Qd7 22. Rd1 Qc7 23. f4 Bf6 24. Qb5 Rc8 25. Bb3 a6 26. Qd7 Be7 27. e4 b6 28. e5 Kf8 29. Qh3 h5 30. f5 Rd8 31. f6 Rxd1+ 32. Bxd1 Bc5 33. e6 fxe6 34. Qxe6 Qf4 35. Qc8+ Kf7 36. Bb3+ Kxf6 37. Qd8+ Kg7 38. Qg8+ Kh6 39. Qh8+ Kg5 40. Qd8+ Kh6 41. Qh8+ Kg5 42. Qd8+ Kh6 43. Qh8+ Kg5 1/2-1/2

[Event "94th Paris-ch  2019"]
[Site "Paris"]
[Date "2019.07.09"]
[Round "4.10"]
[White "Le Goff, Ronan"]
[Black "Stephan, Victor"]
[Result "0-1"]
[ECO "D02"]
[WhiteElo "2281"]
[BlackElo "2358"]
[Annotator "NA"]
[PlyCount "100"]
[EventDate "2019.07.07"]
[EventType "swiss"]
[EventCountry "FRA"]
[SourceTitle "playchess.com"]
[Source "ChessBase"]
[SourceQuality "1"]
[TimeControl "5400+30"]

1. d4 Nf6 2. Nf3 e6 3. Bf4 d5 4. e3 Bd6 5. Bg3 O-O 6. Nbd2 c5 7. Bd3 Qc7 8. c4 Nbd7 9. cxd5 exd5 10. O-O c4 11. Bc2 Bxg3 12. hxg3 b5 13. Re1 Bb7 14. Bf5 Rfe8 15. Bxd7 Qxd7 16. Ne5 Qe6 17. Nf1 Ne4 18. f3 Nd6 19. Ng4 b4 20. Nf2 a5 21. a4 Rac8 22. g4 Qh6 23. f4 Re7 24. Qf3 Rce8 25. Ng3 Qe6 26. f5 Qh6 27. Nf1 Ne4 28. Nh3 Ng5 29. Qg3 Nxh3+ 30. gxh3 Re4 31. Kg2 Qg5 32. Qc7 R4e7 33. Qg3 h5 34. f6 Qxf6 35. gxh5 Qh6 36. Qf2 Qxh5 37. Ng3 Qg5 38. h4 Qg4 39. Qf5 Bc8 40. Qxg4 Bxg4 41. Nf1 Bf5 42. Kf2 Bc2 43. Rac1 b3 44. Ng3 Re6 45. Nh5 c3 46. bxc3 Bg6 47. Nf4 b2 48. Rcd1 Rf6 49. Kg3 b1=Q 50. Rxb1 Bxb1 0-1

[Event "94th Paris-ch  2019"]
[Site "Paris"]
[Date "2019.07.09"]
[Round "4.11"]
[White "Dixit, Nikhil"]
[Black "Rahul Srivatshav P"]
[Result "1-0"]
[ECO "B43"]
[WhiteElo "2318"]
[BlackElo "2414"]
[Annotator "NA"]
[PlyCount "99"]
[EventDate "2019.07.07"]
[EventType "swiss"]
[EventCountry "FRA"]
[SourceTitle "playchess.com"]
[Source "ChessBase"]
[SourceDate "2019.07.09"]
[SourceQuality "1"]
[TimeControl "5400+30"]

1. e4 c5 2. Nf3 e6 3. d4 cxd4 4. Nxd4 a6 5. Nc3 Qc7 6. Bd3 Nf6 7. O-O d6 8. a4 b6 9. f4 Bb7 10. Qe2 Nbd7 11. Bd2 Be7 12. Rae1 Nc5 13. b4 Nxd3 14. cxd3 Rc8 15. Rc1 Qb8 16. b5 O-O 17. Be3 Nd7 18. f5 e5 19. Nc6 Rxc6 20. bxc6 Bxc6 21. a5 bxa5 22. Qa2 Bd8 23. Kh1 Nf6 24. Bg5 Nh5 25. Bxd8 Qxd8 26. Nd5 Bxd5 27. Qxd5 Nf4 28. Qc4 d5 29. exd5 Nxd5 30. Qe4 Nb4 31. Rcd1 Qd4 32. Qxd4 exd4 33. h3 Rd8 34. Rd2 h6 35. g4 Rd5 36. Rc1 a4 37. Rc8+ Kh7 38. Re2 g6 39. Re7 gxf5 40. Rxf7+ Kg6 41. Rb7 Nxd3 42. Rb6+ Kg5 43. Rxa6 Nc5 44. Ra5 d3 45. Rcxc5 Rxc5 46. Rxc5 a3 47. Rxf5+ Kg6 48. Kg2 a2 49. Rf1 d2 50. h4 1-0

[Event "94th Paris-ch  2019"]
[Site "Paris"]
[Date "2019.07.09"]
[Round "4.12"]
[White "Fitzsimons, David"]
[Black "Moksh Amit Doshi"]
[Result "0-1"]
[ECO "C54"]
[WhiteElo "2301"]
[BlackElo "2229"]
[Annotator "NA"]
[PlyCount "206"]
[EventDate "2019.07.07"]
[EventType "swiss"]
[EventCountry "FRA"]
[SourceTitle "playchess.com"]
[Source "ChessBase"]
[SourceQuality "1"]
[TimeControl "5400+30"]

1. e4 e5 2. Nf3 Nc6 3. Bc4 Bc5 4. O-O Nf6 5. d3 d6 6. c3 a6 7. Bb3 O-O 8. h3 h6 9. Re1 Re8 10. Nbd2 Be6 11. Bc2 d5 12. Qe2 dxe4 13. dxe4 Nh5 14. Nb3 Bxb3 15. Bxb3 Qf6 16. Bd5 Rab8 17. b4 Bb6 18. Nh2 Nf4 19. Qf3 Ne7 20. Ng4 Qd6 21. Bc4 Neg6 22. g3 Ne6 23. Bxh6 gxh6 24. Nxh6+ Kh7 25. Nxf7 Qf8 26. Bxe6 Rxe6 27. Ng5+ Kg8 28. Qxf8+ Nxf8 29. Nxe6 Nxe6 30. Rad1 Rf8 31. Re2 Rf3 32. c4 Rxg3+ 33. Kh2 Rf3 34. c5 Ba7 35. Rg1+ Kf7 36. Rg3 Rf6 37. Rd2 Nd4 38. Kg2 b6 39. cxb6 Bxb6 40. Rg5 Ke6 41. Rg7 Rf4 42. Rg4 Rf6 43. h4 Nf3 44. Re2 Nd4 45. Re3 Nc2 46. Re2 Nxb4 47. h5 Nd3 48. Rd2 Nf4+ 49. Kg1 Nxh5 50. Rg8 Nf4 51. Re8+ Kf7 52. Rxe5 Bd4 53. Rf5 Rxf5 54. exf5 c5 55. Rc2 Kf6 56. Rc4 Kxf5 57. Ra4 Ke4 58. Rxa6 c4 59. Rc6 Kd3 60. Kh2 Bxf2 61. a4 c3 62. a5 c2 63. a6 Nd5 64. Rxc2 Kxc2 65. Kg2 Bb6 66. Kf3 Nc7 67. Ke4 Nxa6 68. Kd5 Nb4+ 69. Kc4 Nd3 70. Kd5 Kc3 71. Kc6 Bd4 72. Kd5 Nb4+ 73. Ke4 Kc4 74. Kf3 Kd3 75. Kf4 Bc5 76. Ke5 Ke3 77. Kf5 Nd3 78. Ke6 Ke4 79. Kd7 Kd5 80. Kc7 Ne5 81. Kb7 Kd6 82. Kc8 Bb6 83. Kb7 Kc5 84. Kc8 Kc6 85. Kb8 Nc4 86. Ka8 Bc7 87. Ka7 Nb6 88. Ka6 Bb8 89. Ka5 Nd5 90. Ka6 Nc7+ 91. Ka5 Nd5 92. Ka6 Nb4+ 93. Ka5 Kc5 94. Ka4 Kc4 95. Ka5 Bc7+ 96. Ka4 Nd3 97. Ka3 Bb6 98. Ka4 Nb2+ 99. Ka3 Kc3 100. Ka2 Bc5 101. Kb1 Nd3 102. Ka1 Kc2 103. Ka2 Nc1+ 0-1

[Event "94th Paris-ch  2019"]
[Site "Paris"]
[Date "2019.07.09"]
[Round "4.13"]
[White "Macon, Arthur"]
[Black "Albaric, Etienne"]
[Result "0-1"]
[ECO "A36"]
[WhiteElo "2270"]
[BlackElo "2225"]
[Annotator "NA"]
[PlyCount "152"]
[EventDate "2019.07.07"]
[EventType "swiss"]
[EventCountry "FRA"]
[SourceTitle "playchess.com"]
[Source "ChessBase"]
[SourceDate "2019.07.09"]
[SourceQuality "1"]
[TimeControl "5400+30"]

1. Nf3 c5 2. c4 Nc6 3. Nc3 g6 4. g3 Bg7 5. Bg2 d6 6. O-O e6 7. a3 Nge7 8. Rb1 O-O 9. b4 e5 10. Ne1 f5 11. d3 cxb4 12. axb4 f4 13. Nc2 Nf5 14. Nd5 Be6 15. Bb2 Nce7 16. Nxe7+ Qxe7 17. b5 Bh6 18. d4 Rad8 19. Qd3 Bg7 20. d5 Bc8 21. e4 Nh6 22. Ra1 Qf6 23. Rxa7 f3 24. Bh1 g5 25. Ne3 Qg6 26. c5 dxc5 27. Rc1 Qb6 28. Ra3 g4 29. Qc4 Nf7 30. Nf5 Bxf5 31. exf5 h5 32. Qxc5 Qxc5 33. Rxc5 Nd6 34. Bxf3 gxf3 35. Rxf3 Rxf5 36. Rxf5 Nxf5 37. Rc7 Rxd5 38. Rxb7 Nd4 39. b6 Rb5 40. Ba3 e4 41. Kg2 Nc6 42. Bc1 Bd4 43. Be3 Bxe3 44. fxe3 Ne5 45. Kf1 Nc4 46. Rb8+ Kg7 47. Rc8 Nxb6 48. Re8 Rb4 49. h3 Nd5 50. Re5 Nf6 51. Kf2 Rb2+ 52. Kf1 Rh2 53. g4 Rxh3 54. g5 Ng4 55. Rxe4 Rxe3 56. Ra4 Kg6 57. Kg2 Kxg5 58. Ra2 Kf4 59. Ra4+ Re4 60. Ra2 Ne5 61. Kh3 Ng6 62. Rf2+ Kg5 63. Rg2+ Rg4 64. Ra2 Nf4+ 65. Kh2 Rh4+ 66. Kg1 Kg4 67. Ra8 Rh3 68. Ra4 h4 69. Rb4 Rf3 70. Kh2 Rf2+ 71. Kg1 Kg3 72. Rb3+ Rf3 73. Rb1 Nh3+ 74. Kh1 Nf2+ 75. Kg1 h3 76. Kf1 h2 0-1

[Event "94th Paris-ch  2019"]
[Site "Paris"]
[Date "2019.07.09"]
[Round "4.14"]
[White "Anand Nadar"]
[Black "Smith, Matthieu"]
[Result "1-0"]
[ECO "E11"]
[WhiteElo "2358"]
[BlackElo "2208"]
[Annotator "NA"]
[PlyCount "133"]
[EventDate "2019.07.07"]
[EventType "swiss"]
[EventCountry "FRA"]
[SourceTitle "playchess.com"]
[Source "ChessBase"]
[SourceDate "2019.07.09"]
[SourceQuality "1"]
[TimeControl "5400+30"]

1. d4 Nf6 2. c4 e6 3. g3 Bb4+ 4. Bd2 Bxd2+ 5. Qxd2 d5 6. Bg2 c6 7. Nf3 Nbd7 8. Qc2 O-O 9. Nbd2 b6 10. O-O Bb7 11. Rad1 Qb8 12. Rfe1 h6 13. e4 dxe4 14. Nxe4 Nxe4 15. Qxe4 c5 16. Qe3 cxd4 17. Rxd4 Nf6 18. Qe5 Qxe5 19. Nxe5 Bxg2 20. Kxg2 Rfd8 21. Red1 Rxd4 22. Rxd4 Rc8 23. h4 Kf8 24. g4 Rc7 25. b4 Ke8 26. b5 Nd7 27. Nc6 a5 28. Rd6 g5 29. hxg5 hxg5 30. Kf3 Kf8 31. Ke3 Kg7 32. Kd4 Kf8 33. f3 Ke8 34. Kc3 Kf8 35. Rd1 Kg7 36. Rd6 Kf8 37. Kd2 Kg7 38. Ke3 Kf8 39. f4 gxf4+ 40. Kxf4 Kg7 41. g5 Kh7 42. g6+ Kg7 43. gxf7 Kxf7 44. Kg5 Nc5 45. Ne5+ Ke7 46. Rxb6 Nd7 47. Nc6+ Kd6 48. Ra6 Kc5 49. Nxa5 Kb4 50. Kf4 e5+ 51. Ke3 Nc5 52. Ra8 Rh7 53. b6 Rh3+ 54. Ke2 Rh2+ 55. Kf3 Rxa2 56. Nc6+ Kb3 57. Rxa2 Kxa2 58. Nxe5 Kb3 59. Ke3 Kc3 60. Nd3 Nd7 61. b7 Nb8 62. Ne5 Kb4 63. Kd4 Ka5 64. Kc5 Na6+ 65. Kc6 Nb8+ 66. Kc7 Na6+ 67. Kc8 1-0

[Event "94th Paris-ch  2019"]
[Site "Paris"]
[Date "2019.07.09"]
[Round "4.15"]
[White "Materia, Marco"]
[Black "Manoeuvre, Antoine"]
[Result "0-1"]
[ECO "E93"]
[WhiteElo "2243"]
[BlackElo "2325"]
[Annotator "NA"]
[PlyCount "85"]
[EventDate "2019.07.07"]
[EventType "swiss"]
[EventCountry "FRA"]
[SourceTitle "playchess.com"]
[Source "ChessBase"]
[SourceDate "2019.07.09"]
[SourceQuality "1"]
[TimeControl "5400+30"]

1. d4 Nf6 2. c4 g6 3. Nc3 Bg7 4. e4 d6 5. Nf3 O-O 6. Be2 Nbd7 7. Be3 e5 8. d5 Ng4 9. Bg5 f6 10. Bh4 h5 11. Nd2 Nb8 12. h3 Nh6 13. f3 c5 14. dxc6 Nxc6 15. Nb3 Be6 16. Qd2 Rf7 17. O-O-O Rd7 18. Kb1 Nf7 19. Nd5 Ng5 20. g4 hxg4 21. hxg4 Bf7 22. Qe3 Ne6 23. Bf2 b6 24. Bg3 g5 25. Bf2 Rc8 26. Qd2 Bg6 27. Ne3 Nf4 28. Bg3 Nxe2 29. Qxe2 Ne7 30. Nd5 Nxd5 31. cxd5 Rdc7 32. Be1 Rc4 33. Bc3 Qd7 34. Nd2 R4c5 35. Rc1 Rxd5 36. Bb4 Rd4 37. Bc3 Rd5 38. Bb4 Rd4 39. Bc3 Rd5 40. Bb4 Rd4 41. Bc3 Ra4 42. b3 Ra3 43. b4 0-1

[Event "94th Paris-ch  2019"]
[Site "Paris"]
[Date "2019.07.09"]
[Round "4.16"]
[White "Lux, Hugo de Melo"]
[Black "O`Sullivan, Thomas"]
[Result "1/2-1/2"]
[ECO "B23"]
[WhiteElo "2231"]
[BlackElo "2291"]
[Annotator "NA"]
[PlyCount "85"]
[EventDate "2019.07.07"]
[EventType "swiss"]
[EventCountry "FRA"]
[SourceTitle "playchess.com"]
[Source "ChessBase"]
[SourceQuality "1"]
[TimeControl "5400+30"]

1. e4 c5 2. Nc3 a6 3. g3 b5 4. Bg2 Bb7 5. a4 b4 6. Nd5 e6 7. Ne3 Nf6 8. d3 d5 9. exd5 Nxd5 10. Nc4 Be7 11. Nf3 Nc6 12. O-O O-O 13. a5 Qc7 14. Re1 Rad8 15. h4 h6 16. Nfe5 Nxe5 17. Nxe5 Nf6 18. Nc4 Bxg2 19. Kxg2 Qb7+ 20. Qf3 Qxf3+ 21. Kxf3 b3 22. Ke2 bxc2 23. Bd2 Nd5 24. Rec1 Nb4 25. Bxb4 cxb4 26. Rxc2 Bf6 27. Ra4 b3 28. Rd2 Rd5 29. Rb4 Rb5 30. Rxb5 axb5 31. Nb6 Bd4 32. Rd1 Bxb2 33. Rb1 Bc3 34. Rxb3 Bxa5 35. Rxb5 Bc3 36. Nd7 Ra8 37. Rb8+ Rxb8 38. Nxb8 Kf8 39. Ke3 Ke7 40. Nc6+ Kd6 41. Nd4 Kd5 42. Ne2 Ba5 {[%emt 0:01:11] Ke4+ Ke5+} 43. d4 1/2-1/2

[Event "94th Paris-ch  2019"]
[Site "Paris"]
[Date "2019.07.09"]
[Round "4.18"]
[White "Hingouet, Matthieu"]
[Black "French, Max"]
[Result "1/2-1/2"]
[ECO "E56"]
[WhiteElo "2245"]
[BlackElo "2232"]
[Annotator "NA"]
[PlyCount "49"]
[EventDate "2019.07.07"]
[EventType "swiss"]
[EventCountry "FRA"]
[SourceTitle "playchess.com"]
[Source "ChessBase"]
[SourceQuality "1"]
[TimeControl "5400+30"]

1. d4 Nf6 2. c4 e6 3. Nc3 Bb4 4. e3 O-O 5. Bd3 d5 6. Nf3 c5 7. O-O dxc4 8. Bxc4 Nc6 9. a3 Ba5 10. Bd3 Kh8 11. Ne2 cxd4 12. exd4 Bb6 13. Bc2 h6 14. Be3 Bc7 15. Bf4 Bxf4 16. Nxf4 Qd6 17. Qd2 e5 18. dxe5 Qxd2 19. Nxd2 Nxe5 20. Rfe1 Nc6 21. Nc4 Nd4 22. Bd3 Ne6 23. Nxe6 Bxe6 24. Ne5 Kg8 25. f3 1/2-1/2

[Event "94th Paris-ch  2019"]
[Site "Paris"]
[Date "2019.07.09"]
[Round "4.20"]
[White "Eden, James"]
[Black "Cotonnec, Melkior"]
[Result "0-1"]
[ECO "D02"]
[WhiteElo "2343"]
[BlackElo "2293"]
[Annotator "NA"]
[PlyCount "76"]
[EventDate "2019.07.07"]
[EventType "swiss"]
[EventCountry "FRA"]
[SourceTitle "playchess.com"]
[Source "ChessBase"]
[SourceDate "2019.07.09"]
[SourceQuality "1"]
[TimeControl "5400+30"]

1. d4 d5 2. Bf4 Nf6 3. e3 c5 4. c3 e6 5. Nf3 Bd6 6. Bg3 Qc7 7. Nbd2 Nbd7 8. Bd3 O-O 9. Qc2 h6 10. Bxd6 Qxd6 11. O-O e5 12. dxe5 Nxe5 13. Nxe5 Qxe5 14. c4 b6 15. cxd5 Nxd5 16. Nc4 Qe7 17. Be4 Bb7 18. a3 Rad8 19. Rad1 Nf6 20. Bxb7 Qxb7 21. Rd3 Qc7 22. Rfd1 b5 23. Nd6 Qc6 24. Nxb5 Rxd3 25. Qxd3 Rb8 26. Nd6 Rxb2 27. Qc4 Qc7 28. h3 Rb8 29. e4 Rd8 30. e5 Ne8 31. Qd5 c4 32. Rd4 c3 33. Rc4 Qe7 34. Nc8 Qg5 35. Qc5 Rd1+ 36. Kh2 c2 37. Ne7+ Kh7 38. h4 Qh5 0-1

[Event "94th Paris-ch  2019"]
[Site "Paris"]
[Date "2019.07.09"]
[Round "4.21"]
[White "Douriet Duany, Alexis"]
[Black "Jeet, Jain"]
[Result "1-0"]
[ECO "D05"]
[WhiteElo "2247"]
[BlackElo "2258"]
[Annotator "NA"]
[PlyCount "183"]
[EventDate "2019.07.07"]
[EventType "swiss"]
[EventCountry "FRA"]
[SourceTitle "playchess.com"]
[Source "ChessBase"]
[SourceDate "2019.07.09"]
[SourceQuality "1"]
[TimeControl "5400+30"]

1. d4 c5 2. e3 Nf6 3. Nf3 e6 4. Nbd2 d5 5. Bd3 Nc6 6. c3 Bd6 7. Qe2 O-O 8. O-O b6 9. e4 Be7 10. e5 Nh5 11. g3 g6 12. Rd1 Ng7 13. Nf1 Bb7 14. a3 a5 15. h4 f6 16. Bh6 cxd4 17. Nxd4 Nxd4 18. cxd4 fxe5 19. Qxe5 Bf6 20. Qe3 Re8 21. Bxg7 Bxg7 22. Bb5 Re7 23. f4 Qd6 24. Nh2 Rc8 25. Nf3 Rc2 26. Rd2 Rec7 27. Re1 Bc8 28. Bd3 Rxd2 29. Qxd2 Bf6 30. Kg2 Bd7 31. Qe2 Qc6 32. h5 Kg7 33. hxg6 hxg6 34. Ne5 Qa4 35. Qg4 Kf8 36. Qxg6 Bxe5 37. fxe5 Be8 38. Rf1+ Rf7 39. Qxe6 Rxf1 40. Qh6+ Kg8 41. Bh7+ Kf7 42. Qh5+ Kg7 43. Qg4+ Kxh7 44. Kxf1 Qc4+ 45. Kg2 Qc2+ 46. Kg1 Qc1+ 47. Kg2 Qd2+ 48. Kg1 Qe1+ 49. Kh2 Qf2+ 50. Kh3 Bg6 51. Qd7+ Qf7 52. Qd8 Qf1+ 53. Kh4 Qf3 54. Qe7+ Kh6 55. Qg5+ Kg7 56. Qe7+ Qf7 57. Qd6 Qf5 58. Qe7+ Kh6 59. g4 Qf2+ 60. Kh3 Be4 61. Qd6+ Kg5 62. Qe7+ Kg6 63. Qd6+ Kg7 64. Qc7+ Qf7 65. Qxb6 Qf3+ 66. Kh4 Bg6 67. Qc7+ Bf7 68. Qa7 Kg6 69. Qb6+ Kh7 70. Qc7 Kg7 71. Qb6 a4 72. Qa7 Qf4 73. Kh3 Qe3+ 74. Kh4 Qg1 75. Kh3 Qf1+ 76. Kg3 Qe1+ 77. Kh3 Qe3+ 78. Kh4 Qf3 79. Qe7 Qf4 80. Kh3 Qh6+ 81. Kg3 Qe6 82. Qa7 Qc6 83. Qe7 Qb6 84. Kh4 Qh6+ 85. Kg3 Qe3+ 86. Kh4 Qe4 87. Qf6+ Kg8 88. Qd8+ Kh7 89. Qe7 Qg6 90. Qa7 Kh6 91. Qe7 Be6 92. g5+ 1-0

[Event "94th Paris-ch  2019"]
[Site "Paris"]
[Date "2019.07.10"]
[Round "5.1"]
[White "Flom, Gabriel"]
[Black "Moussard, Jules"]
[Result "0-1"]
[ECO "A88"]
[WhiteElo "2494"]
[BlackElo "2576"]
[Annotator "RC"]
[PlyCount "57"]
[EventDate "2019.07.07"]
[EventType "swiss"]
[EventCountry "FRA"]
[SourceTitle "playchess.com"]
[Source "ChessBase"]
[SourceQuality "1"]
[TimeControl "5400+30"]

1. d4 f5 2. c4 Nf6 3. Nc3 d6 4. Nf3 g6 5. g3 Bg7 6. Bg2 O-O 7. O-O c6 8. d5 e5 9. dxe6 Bxe6 10. b3 Na6 11. Ng5 Bc8 12. Bb2 Qe7 13. Qc2 h6 14. Nf3 Be6 15. Rad1 Rad8 16. Nh4 Bf7 17. e3 Nc5 18. Bh3 Nfe4 19. Ne2 Bxb2 20. Qxb2 Qf6 21. Qa3 a5 22. Nd4 a4 23. Bg2 Rfe8 24. Rfe1 Nc3 25. Rd2 axb3 26. axb3 Ra8 27. Qb2 N5e4 28. Bxe4 Nxe4 29. Rc2 0-1

[Event "94th Paris-ch  2019"]
[Site "Paris"]
[Date "2019.07.10"]
[Round "5.4"]
[White "Abergel, Thal"]
[Black "Shchekachev, Andrei"]
[Result "1/2-1/2"]
[ECO "A48"]
[WhiteElo "2450"]
[BlackElo "2531"]
[Annotator "ChessBase"]
[PlyCount "30"]
[EventDate "2019.07.07"]
[EventType "swiss"]
[EventCountry "FRA"]
[SourceTitle "playchess.com"]
[Source "ChessBase"]
[SourceQuality "1"]
[TimeControl "5400+30"]

1. Nf3 g6 2. d4 Nf6 3. Nbd2 Bg7 4. e4 O-O 5. e5 Ne8 6. Ne4 d6 7. Be2 Nc6 8. exd6 Nxd6 9. Ng3 e5 10. dxe5 Nxe5 11. O-O Re8 12. c3 Nxf3+ 13. Bxf3 Qh4 14. Be3 Be6 15. Qc1 Qc4 1/2-1/2

[Event "94th Paris-ch  2019"]
[Site "Paris"]
[Date "2019.07.10"]
[Round "5.9"]
[White "Moksh Amit Doshi"]
[Black "Anand Nadar"]
[Result "1/2-1/2"]
[ECO "A53"]
[WhiteElo "2229"]
[BlackElo "2358"]
[Annotator "NA"]
[PlyCount "30"]
[EventDate "2019.07.07"]
[EventType "swiss"]
[EventCountry "FRA"]
[SourceTitle "playchess.com"]
[Source "ChessBase"]
[SourceQuality "1"]
[TimeControl "5400+30"]

1. d4 d6 2. c4 e5 3. Nc3 exd4 4. Qxd4 Nc6 5. Qd2 Nf6 6. e4 g6 7. b3 Bg7 8. Bb2 O-O 9. Bd3 Re8 10. Nge2 a6 11. O-O Nb4 12. Bb1 Rb8 13. Nd4 Bd7 14. Re1 b5 15. Nd5 Nc6 1/2-1/2

[Event "94th Paris-ch  2019"]
[Site "Paris"]
[Date "2019.07.10"]
[Round "5.17"]
[White "Le Quang, Kim"]
[Black "Le Goff, Ronan"]
[Result "0-1"]
[ECO "A14"]
[WhiteElo "2243"]
[BlackElo "2281"]
[Annotator "RC"]
[PlyCount "72"]
[EventDate "2019.07.07"]
[EventType "swiss"]
[EventCountry "FRA"]
[SourceTitle "playchess.com"]
[Source "ChessBase"]
[SourceQuality "1"]
[TimeControl "5400+30"]

1. c4 e6 2. g3 d5 3. Bg2 Nf6 4. Nf3 Be7 5. O-O O-O 6. b3 d4 7. e3 c5 8. exd4 cxd4 9. Ba3 Nc6 10. Bxe7 Qxe7 11. Re1 e5 12. d3 Bf5 13. a3 a5 14. Ra2 Rfe8 15. Rae2 Qd6 16. Nh4 Bg4 17. Bf3 Bxf3 18. Nxf3 Nd7 19. Nfd2 Qg6 20. Qc2 Nc5 21. Ne4 Ne6 22. Kh1 f5 23. Nd6 Red8 24. Nb5 Rac8 25. f3 Nc5 26. Nd2 Rf8 27. Rg2 Rf7 28. Qb1 Rcf8 29. b4 axb4 30. axb4 Na6 31. c5 Naxb4 32. Nd6 Re7 33. N2c4 Nd5 34. Rb2 Qh5 35. Kg2 Re6 36. Rxb7 Nf4+ 0-1

[Event "94th Paris-ch  2019"]
[Site "Paris"]
[Date "2019.07.11"]
[Round "5.19"]
[White "Smith, Matthieu"]
[Black "Vardaan Nagpal"]
[Result "0-1"]
[ECO "B52"]
[WhiteElo "2208"]
[BlackElo "2355"]
[Annotator "ChessBase"]
[PlyCount "99"]
[EventDate "2019.07.07"]
[EventType "swiss"]
[EventCountry "FRA"]
[SourceTitle "playchess.com"]
[Source "ChessBase"]
[SourceQuality "1"]
[TimeControl "5400+30"]

1. e4 c5 2. Nf3 d6 3. Bb5+ Bd7 4. Bxd7+ Nxd7 5. O-O Ngf6 6. Re1 Rc8 7. c3 e6 8. d4 cxd4 9. cxd4 Be7 10. Nc3 O-O 11. Bf4 Nb6 12. Qb3 d5 13. e5 Nfd7 14. Rec1 Nb8 15. a4 Nc6 16. Qd1 Nc4 17. b3 N4a5 18. Ne2 Qb6 19. Rc3 Nb4 20. Bd2 Rxc3 21. Bxc3 Rc8 22. h4 Qa6 23. g3 Nac6 24. Kg2 Qd3 25. Qxd3 Nxd3 26. Rd1 Ndb4 27. Ne1 Na2 28. Bd2 Bb4 29. Nd3 Bxd2 30. Rxd2 Ncb4 31. Nxb4 Nxb4 32. Kf3 Kf8 33. Ke3 Ke7 34. Rd1 Kd7 35. Rc1 Rxc1 36. Nxc1 a5 37. Kd2 h5 38. Ne2 g6 39. f3 Nc6 40. Ke3 Ke7 41. Nc3 f6 42. exf6+ Kxf6 43. g4 g5 44. hxg5+ Kxg5 45. gxh5 Kxh5 46. Nb5 Kg5 47. Nd6 Nd8 48. Nc8 Kf6 49. Nd6 Ke7 50. Nb5 0-1

[Event "94th Paris-ch  2019"]
[Site "Paris"]
[Date "2019.07.10"]
[Round "5.21"]
[White "Douriet Duany, Alexis"]
[Black "Eden, James"]
[Result "0-1"]
[ECO "D00"]
[WhiteElo "2247"]
[BlackElo "2343"]
[Annotator "RC"]
[PlyCount "52"]
[EventDate "2019.07.07"]
[EventType "swiss"]
[EventCountry "FRA"]
[SourceTitle "playchess.com"]
[Source "ChessBase"]
[SourceQuality "1"]
[TimeControl "5400+30"]

1. d4 d5 2. Bg5 Nf6 3. Nd2 Bf5 4. Bxf6 exf6 5. e3 Bd6 6. Ngf3 O-O 7. Nh4 Be6 8. Bd3 g6 9. Qf3 f5 10. g3 c5 11. dxc5 Bxc5 12. Nb3 d4 13. O-O-O Bxb3 14. axb3 Nc6 15. exd4 Nxd4 16. Qxb7 a5 17. Bc4 a4 18. b4 a3 19. bxa3 Bb6 20. Kb2 Qf6 21. c3 Ra7 22. Qd5 Rd8 23. Rxd4 Bxd4 24. Qf3 Bxc3+ 25. Kb3 Ba1 26. Rb1 Rd2 0-1

[Event "94th Paris-ch  2019"]
[Site "Paris"]
[Date "2019.07.11"]
[Round "6.1"]
[White "Moussard, Jules"]
[Black "Samoun, Florent"]
[Result "1-0"]
[ECO "C15"]
[WhiteElo "2576"]
[BlackElo "2230"]
[Annotator "RC"]
[PlyCount "67"]
[EventDate "2019.07.07"]
[EventType "swiss"]
[EventCountry "FRA"]
[SourceTitle "playchess.com"]
[Source "ChessBase"]
[SourceQuality "1"]
[TimeControl "5400+30"]

1. e4 e6 2. d4 d5 3. Nc3 Bb4 4. a3 Bxc3+ 5. bxc3 dxe4 6. Qg4 Nf6 7. Qxg7 Rg8 8. Qh6 c5 9. Ne2 Nc6 10. Qe3 Rg4 11. h3 Nd5 12. Qd2 Rg8 13. Rb1 e5 14. dxc5 Be6 15. c4 e3 16. fxe3 Qh4+ 17. g3 Qxc4 18. Nf4 Qa2 19. Rb2 Qa1 20. Nxe6 fxe6 21. c4 Nxe3 22. Be2 Nd4 23. Bh5+ Kd8 24. Qxe3 Rxg3 25. Qh6 Kc7 26. Qxh7+ Kc6 27. Qxb7+ Kxc5 28. Qc7+ Nc6 29. Rb5+ Kd4 30. Qd6+ Ke4 31. Qxc6+ Kd3 32. Qd6+ Ke4 33. Kf2 Rf8+ 34. Qxf8 {[%emt 0:00:19] Kd5} 1-0

[Event "94th Paris-ch  2019"]
[Site "Paris"]
[Date "2019.07.11"]
[Round "6.3"]
[White "Shchekachev, Andrei"]
[Black "Stephan, Victor"]
[Result "1-0"]
[ECO "D34"]
[WhiteElo "2531"]
[BlackElo "2358"]
[Annotator "ChessBase"]
[PlyCount "159"]
[EventDate "2019.07.07"]
[EventType "swiss"]
[EventCountry "FRA"]
[SourceTitle "playchess.com"]
[Source "ChessBase"]
[SourceQuality "1"]
[TimeControl "5400+30"]

1. c4 e6 2. g3 d5 3. Bg2 Nf6 4. Nf3 c5 5. cxd5 exd5 6. d4 Nc6 7. O-O Be7 8. dxc5 Bxc5 9. Nc3 O-O 10. Na4 Be7 11. Be3 Bg4 12. Rc1 Re8 13. Nc3 Qd7 14. Qa4 Bh3 15. Rfd1 Bxg2 16. Kxg2 Rad8 17. Qb5 h6 18. a3 b6 19. Bd4 Nxd4 20. Qxd7 Rxd7 21. Nxd4 Bc5 22. e3 Ne4 23. Nce2 Kf8 24. Rc2 Bxd4 25. Nxd4 Nc5 26. Nc6 Ne4 27. b4 Nf6 28. b5 Rc8 29. Rd4 Rdc7 30. Ra4 Ne4 31. Rb2 a5 32. Rd4 Nf6 33. f3 Rd7 34. Rbd2 Rdc7 35. g4 Re8 36. Kf2 g5 37. R4d3 Rec8 38. Kg3 Re8 39. h4 gxh4+ 40. Kxh4 Kg7 41. Kg3 Kg6 42. Kf4 Re6 43. Rc2 Kg7 44. Rdd2 Re8 45. Rh2 Ng8 46. Nd4 Rc4 47. Rxc4 dxc4 48. Nf5+ Kf6 49. Rc2 Rc8 50. Nd6 Rd8 51. Nxc4 Ne7 52. Nxb6 Ke6 53. a4 Rb8 54. Nc4 Nd5+ 55. Kg3 Rc8 56. Na3 Rxc2 57. Nxc2 Nb6 58. e4 Nxa4 59. Nd4+ Kd6 60. Nb3 Nc3 61. Nxa5 Nxb5 62. Nc4+ Ke6 63. f4 Nd4 64. Ne3 Ne2+ 65. Kf3 Nd4+ 66. Kf2 Kf6 67. Nf5 Ne6 68. Ke3 Kg6 69. Ng3 Nc5 70. Kd4 Nd7 71. e5 Nf8 72. Kd5 Nd7 73. Kd6 Nb6 74. Nh5 Nc4+ 75. Ke7 Ne3 76. Nf6 Nc4 77. Kf8 Ne3 78. Kg8 Nc4 79. Nd7 h5 80. Nf8+ 1-0

[Event "94th Paris-ch  2019"]
[Site "Paris"]
[Date "2019.07.11"]
[Round "6.9"]
[White "Dixit, Nikhil"]
[Black "Ojas Kulkarni"]
[Result "1-0"]
[ECO "B15"]
[WhiteElo "2318"]
[BlackElo "2251"]
[Annotator "ChessBase"]
[PlyCount "93"]
[EventDate "2019.07.07"]
[EventType "swiss"]
[EventCountry "FRA"]
[SourceTitle "playchess.com"]
[Source "ChessBase"]
[SourceQuality "1"]
[TimeControl "5400+30"]

1. e4 c6 2. d4 d5 3. Nd2 dxe4 4. Nxe4 Nf6 5. Nxf6+ exf6 6. c3 Bd6 7. Bd3 O-O 8. Qc2 Re8+ 9. Ne2 h5 10. Be3 Nd7 11. O-O-O Nf8 12. h3 h4 13. Rhg1 Qa5 14. Kb1 Be6 15. b3 Qc7 16. g3 Bd5 17. gxh4 Bh2 18. Ng3 Bf3 19. Nf5 g6 20. Nh6+ Kh7 21. Ng4 Bxg1 22. Nxf6+ Kh8 23. Rxg1 Qh2 24. Qc1 Re6 25. Bf4 Qxh3 26. Be5 Qxh4 27. Qe3 Rxf6 28. Qxf3 Nh7 29. Qh1 Qxh1 30. Rxh1 Kg8 31. Rxh7 Kxh7 32. Bxf6 Re8 33. Kc2 Kh6 34. c4 Re6 35. Be5 f6 36. Bf4+ Kg7 37. d5 Re8 38. Kc3 Rd8 39. Bc7 Rd7 40. d6 f5 41. Kd4 Kf6 42. c5 Rh7 43. Bd8+ Ke6 44. Bc4+ Kd7 45. Bg5 b5 46. cxb6 axb6 47. Ke5 1-0